 Dungeon Crawl Stone Soup version 0.29-a0-561-ga02bf68b3c (webtiles) character file.

Game seed: 10706414713315648591

789 KristoblXynda the Ducker (level 7, 0/55 HPs)
             Began as a Demonspawn Gladiator on June 11, 2022.
             Succumbed to a scorpion's poison
             ... on level 5 of the Dungeon.
             The game lasted 00:05:34 (6553 turns).

KristoblXynda the Ducker (Demonspawn Gladiator)     Turns: 6553, Time: 00:05:35

Health: 0/55       AC: 16    Str: 16    XL:     7   Next: 56%
Magic:  7/7        EV: 12    Int: 10    God:
Gold:   257        SH:  0    Dex: 14    Spells: 6/6 levels left

rFire   . . .      SeeInvis .   a - +0 long sword
rCold   + . .      Faith    .   (no shield)
rNeg    . . .      Spirit   .   k - +1 ring mail
rPois   .          Reflect  .   c - +0 helmet
rElec   .          Harm     .   (no cloak)
rCorr   .          Rampage  .   (no gloves)
Will    .....                   (no boots)
Stlth   +.........              (no amulet)
HPRegen 0.18/turn               b - ring of protection from cold
MPRegen 0.20/turn               (no ring)

@: brilliant, lethally poisoned (0 -> -2), sanguine armoured
A: claws 2, magic regeneration, sanguine armour 2, MP-powered wands
a: no special abilities


You were on level 5 of the Dungeon.
You visited 1 branch of the dungeon, and saw 5 of its levels.

You collected 257 gold pieces.

Inventory:

Hand Weapons
 a - a +0 long sword (weapon)
Missiles
 d - 3 throwing nets (quivered)
 e - a javelin
Armour
 c - a +0 helmet (worn)
 k - a +1 ring mail (worn)
Jewellery
 b - a ring of protection from cold (left claw)
 m - a ring of wizardry
Scrolls
 f - a scroll of amnesia
 i - a scroll of identify
 o - a scroll of magic mapping
 q - 2 scrolls of teleportation
Potions
 g - a potion of attraction
 h - a potion of haste
 p - a potion of might


   Skills:
 + Level 4.6 Fighting
 + Level 4.6 Long Blades
 - Level 2.0 Throwing
 + Level 3.5 Armour
 + Level 4.6 Dodging


You had 6 spell levels left.
You didn't know any spells.
Your spell library contained the following spells:

 Spells                   Type           Power      Damage    Failure   Level
 Beastly Appendage        Tmut           0%         N/A       56%         1
 Foxfire                  Conj/Fire      0%         2x1d4     56%         1
 Summon Small Mammal      Summ           0%         N/A       56%         1
 Wereblood                Tmut           0%         N/A       71%         2
 Call Canine Familiar     Summ           0%         N/A       91%         3
 Conjure Flame            Conj/Fire      0%         6-21      91%         3
 Dazzling Flash           Conj/Hex       0%         N/A       91%         3
 Inner Flame              Hex/Fire       0%         N/A       91%         3
 Spider Form              Tmut/Pois      0%         N/A       91%         3
 Summon Guardian Golem    Hex/Summ       0%         N/A       91%         3
 Flame Wave               Conj/Fire      0%         2d4       100%        4
 Iskenderun's Mystic Bla  Conj/Tloc      0%         2d3       100%        4
 Iskenderun's Battlesphe  Conj           0%         2d6       100%        5
 Summon Forest            Summ/Tloc      0%         N/A       100%        5
 Summon Mana Viper        Hex/Summ       0%         N/A       100%        5
 Iron Shot                Conj/Erth      0%         9d1       100%        6
 Starburst                Conj/Fire      0%         6d3       100%        6
 Summon Cactus Giant      Summ           0%         N/A       100%        6
 Spellforged Servitor     Conj/Summ      0%         N/A       100%        7


Dungeon Overview and Level Annotations

Branches:
Dungeon (5/15)             Temple (0/1) D:5

Altars:
Elyvilon
Gozag
Okawaru


Innate Abilities, Weirdness & Mutations

You have very sharp fingernails.
You regenerate magic rapidly.
When seriously injured, your blood forms thick armour. (AC +9)
You expend magic power (3 MP) to strengthen your wands.


Message History

The scorpion barely misses you. The scorpion stings you.
You barely miss the scorpion.
The scorpion is heavily wounded.
The scorpion stings you.
You hit the scorpion but do no damage.
The scorpion is heavily wounded.
The scorpion barely misses you.
You hit the scorpion.
The scorpion is severely wounded.
The scorpion stings you.
* * * LOW HITPOINT WARNING * * *
You are lethally poisoned!
The scorpion poisons you! The scorpion barely misses you.
You hit the scorpion.
The scorpion is severely wounded.
* * * LOW HITPOINT WARNING * * *
You feel very sick. The scorpion barely misses you.
You slash the scorpion!
You kill the scorpion!
* * * LOW HITPOINT WARNING * * *
You feel sick.
It was a potion of mutation.
You feel extremely strange.
You feel clever.
You feel your magical essence link to the dungeon's wands.
You feel stupid.
* * * LOW HITPOINT WARNING * * *
You feel sick.
Unknown command.
It was a potion of brilliance.
You feel clever all of a sudden.
* * * LOW HITPOINT WARNING * * *
You feel sick.
* * * LOW HITPOINT WARNING * * *
You feel sick.
There is a lethal amount of poison in your body!
* * * LOW HITPOINT WARNING * * *
You feel sick.
Okay, then.
You die...

*,*,*,,,,,,,,,,,,,,* *,* *,,*
*,*#.#**,**,***,,,** *,***,>*
*,*#.# *,**,* **,** *,,,,,,*
*,##.#**,**,* *,* *****,****
*,,...,,,,,,* *,* *,,,,*
***#.#******* ##+## ****,*
#.##########...## *,*
####........##.....## *** *,*
#......####.#..@.†..#* **,***,*
##.##....###..........#***,,,**,*
......................+,,,,,,,*,*
##.##....###..........#***,,,,,,,
#......## #.#.......## **,*,,,,
####.#.#**#.##.....## *,,,,,,
#...?.,..###...## *,*,,,,
###.###### ##+## *,*,,,, #.# *,*
*,*****


There were no monsters in sight!

Vanquished Creatures
  Sigmund (D:2)
  An ogre (D:4)
  3 scorpions
  A jelly (D:5)
  2 orc priests (D:4)
  3 hounds
  Ijyb (D:4)
  7 adders
  A white imp (D:5)
  A worm (D:4)
  5 dart slugs
  4 orcs
  8 ball pythons
  6 bats
  6 endoplasms
  A giant cockroach (D:1)
  3 goblins
  8 hobgoblins
  12 jackals
  7 kobolds
  3 quokkas
  9 rats
93 creatures vanquished.

Notes
Turn   | Place    | Note
-------+----------+-------------------------------------------
     0 | D:1      | KristoblXynda the Demonspawn Gladiator began the quest for
                  | the Orb.
     0 | D:1      | Reached XP level 1. HP: 16/16 MP: 1/1
   204 | D:1      | Gained mutation: You have sharp fingernails. [demonic
                  | ancestry]
   204 | D:1      | Reached XP level 2. HP: 22/22 MP: 2/2
   756 | D:1      | Gained mutation: You have very sharp fingernails. [demonic
                  | ancestry]
   756 | D:1      | Reached XP level 3. HP: 25/28 MP: 3/3
   962 | D:1      | You fall into a shaft and drop 1 floor!
  1374 | D:2      | Reached skill level 1 in Armour
  1636 | D:2      | Noticed Sigmund
  2047 | D:2      | Killed Sigmund
  2048 | D:2      | Gained mutation: When seriously injured, your blood forms
                  | armour. (AC +9) [demonic ancestry]
  2048 | D:2      | Reached XP level 4. HP: 6/35 MP: 4/4
  2048 | D:2      | Reached XP level 5. HP: 7/41 MP: 5/5
  3215 | D:3      | Found an opulent altar of Gozag.
  3611 | D:3      | Gained mutation: You regenerate magic rapidly. [demonic
                  | ancestry]
  3611 | D:3      | Reached XP level 6. HP: 44/47 MP: 6/6
  3677 | D:3      | Found an iron altar of Okawaru.
  4767 | D:4      | Noticed Ijyb
  4782 | D:4      | Killed Ijyb
  4783 | D:4      | Gained mutation: When seriously injured, your blood forms
                  | thick armour. (AC +9) [demonic ancestry]
  4783 | D:4      | Reached XP level 7. HP: 33/54 MP: 7/7
  5412 | D:5      | Entered Level 5 of the Dungeon
  5450 | D:5      | Found a staircase to the Ecumenical Temple.
  6549 | D:5      | Gained mutation: Your mind is acute. (Int +2) [potion of
                  | mutation]
  6549 | D:5      | Gained mutation: You expend magic power (3 MP) to
                  | strengthen your wands. [potion of mutation]
  6549 | D:5      | Lost mutation: Your mind is acute. (Int +2) [potion of
                  | mutation]
  6551 | D:5      | HP: 2/55 [poisoned by a scorpion]
  6553 | D:5      | Succumbed to a scorpion's poison

Illustrated notes

Levels and vault maps discovered:
D:1:      minmay_arrival_arboretum_small, layout_basic
D:2:      layout_basic, uniq_sigmund
D:3:      minmay_door_path, layout_loops_corners, lemuel_crystal_altar,
          grunt_gozag_statues, bh_walls_and_bars
D:4:      layout_rooms, elyvilon_altar_4, uniq_ijyb
D:5:      layout_loops_corners, mainiacjoe_overflow_alcove_1,
          minmay_temple_entry_statues_pillars, minivault_24

Skill      XL: |  1  2  3  4  5  6 |
---------------+-------------------+-----
Throwing       | 2 |  2.0
Long Blades    | 3 4 |  4.6
Dodging        | 3 4 |  4.6
Armour         | 2 3 |  3.5
Fighting       | 3 4 |  4.6

Action                   |  1- 3 |  4- 6 |  7- 9 || total
-------------------------+-------+-------+-------++-------
Melee: Long sword        |   118 |   119 |    92 ||   329
       Punch             |       |       |     1 ||     1
Throw: Throwing net      |     3 |       |       ||     3
  Use: Potion            |     3 |     1 |     4 ||     8
       Scroll            |     2 |     1 |     9 ||    12
Armor: Leather armour    |    21 |       |       ||    21
       Ring mail         |    35 |    38 |    50 ||   123
       Skin              |       |    11 |     2 ||    13
Dodge: Dodged            |    80 |    79 |    82 ||   241

Table legend: (Time is in decaauts)
 A = Elapsed time spent in this place.
 B = Non-inter-level travel time spent in this place.
 C = Inter-level travel time spent in this place.
 D = Time resting spent in this place.
 E = Time spent auto-exploring this place.
 F = Levels seen in this place.
 G = Mean time per level.
                   A        B        C        D        E       F      G
               +--------+--------+--------+--------+--------+-----+--------+
         Total |   6583 |   6468 |    115 |   1801 |   3830 |   5 | 1316.6 |
       Dungeon |   6583 |   6468 |    115 |   1801 |   3830 |   5 | 1316.6 |
               +--------+--------+--------+--------+--------+-----+--------+

Top non-repeatable levels by time:
     D:2: 1594 daAuts
     D:4: 1581 daAuts
     D:1: 1235 daAuts
     D:5: 1132 daAuts
     D:3: 1039 daAuts
